 Dungeon Crawl Stone Soup version 0.31-a0-702-gf82c85558f (webtiles) character file.

Game seed: 452621982214475681

225 qw the Shooter (level 6, -4/38 HPs)
             Began as a Gargoyle Hunter on Sept 7, 2023.
             Slain by a gnoll
             ... wielding a +0 halberd
             ... led by a gnoll bouda
              (5 damage)
             ... on level 4 of the Dungeon.
             The game lasted 00:01:00 (1798 turns).

qw the Shooter (Gargoyle Hunter)                    Turns: 1798, Time: 00:01:00

Health: -4/38      AC:  9    Str: 14    XL:     6   Next: 1%
Magic:  21/21      EV: 10    Int: 10    God:
Gold:   179        SH:  0    Dex: 15    Spells: 5/5 levels left

rFire   . . .        Y - +0 shortbow (freeze)
rCold   . . .        (shield currently unavailable)
rNeg    + . .        f - +0 ring mail
rPois   inf          (no helmet)
rElec   +            (no cloak)
rCorr   .            (no gloves)
SInv    .            (no boots)
Will    .....        c
                       - Hermit's Pendant {Faith Invo=14 Evo=0 MP+5}
Stlth   +            (no ring)
HPRegen 0.26/turn    (no ring)
MPRegen 0.17/turn

%: faith
@: weakened
A: sickness immunity, AC +4, negative energy resistance 1, electricity
resistance, torment resistance 1, petrification resistance
a: no special abilities


You were on level 4 of the Dungeon.
You visited 1 branch of the dungeon, and saw 4 of its levels.

You collected 179 gold pieces.


Innate Abilities, Weirdness & Mutations

You are immune to sickness and miasma.
Your stone body is resilient. (AC +4)
You are immune to poison.
You resist negative energy. (rN+)
You are resistant to electric shocks. (rElec)
You are resistant to unholy torment.
You are immune to petrification.


   Skills:
 - Level 4.1 Fighting
 + Level 6.0 Ranged Weapons
 - Level 1.0 Armour
 - Level 1.5 Dodging
 - Level 1.1 Stealth


You had 5 spell levels left.
You didn't know any spells.
Your spell library was empty.

Inventory:

Hand Weapons
 Y - a +0 shortbow of freezing (weapon)
Armour
 f - a +0 ring mail (worn)
Jewellery
 c - the Hermit's Pendant (around neck) {Faith Invo=14 Evo=0 MP+5}
   (You found it on level 2 of the Dungeon)

   [amulet of faith]

   Invo=14: It sets your Invocations skill to 14.
   Evo=0: It sets your Evocations skill to 0.
   Faith:     It allows you to gain divine favour quickly.
   MP+5:      It affects your magic capacity (+5).
Scrolls
 a - 2 scrolls of identify
Potions
 b - a potion of haste
 d - 2 potions of curing

Dungeon Overview and Level Annotations

Branches:
Dungeon (4/15)
 Temple: D:4-7

Altars:
Sif Muna
Vehumet


Message History

You shoot an arrow.
The arrow hits the gnoll bouda but does no damage.
The gnoll bouda hits you with a +0 club.
The gnoll closely misses you.
You shoot an arrow.
The arrow barely misses the gnoll bouda.
The arrow hits the gnoll.
The arrow freezes the gnoll.
The gnoll is almost dead.
The gnoll bouda hits you but does no damage.
The gnoll hits you from afar with a +0 spear.
You shoot an arrow. The arrow hits the gnoll bouda.
The arrow freezes the gnoll bouda.
The gnoll bouda is heavily wounded.
The gnoll is no longer moving quickly.
The gnoll bouda hits you with a +0 club.
The gnoll hits you from afar with a +0 spear.
You shoot an arrow.
The arrow closely misses the gnoll bouda.
The arrow hits the gnoll.
The arrow freezes the gnoll.
You kill the gnoll!
The gnoll bouda barks out a call to the hunt!
The gnoll picks up the pace!
The gnoll bouda hits you with a +0 club.
You shoot an arrow.
The arrow barely misses the gnoll bouda.
The arrow hits the gnoll.
The arrow freezes the gnoll.
The gnoll is moderately wounded.
The gnoll bouda barely misses you.
You shoot an arrow. The arrow hits the gnoll bouda!
The arrow freezes the gnoll bouda.
You kill the gnoll bouda!
The gnoll is no longer moving quickly.
Your Fighting skill increases to level 4!
You have reached level 6!
You shoot an arrow.
The arrow hits the gnoll but does no damage.
The gnoll is moderately wounded.
The gnoll hits you with a +0 flail.
The gnoll hits you from afar with a +0 halberd.
You die...

#.)............
#.............
####.........#
#..##........#
#............#
#..##..####..# #.
#...######...##..
##..####.#...#...
#...ggg@..........
##....###..........
#......###.....###..
#......g##......## .
..........#.......#
...........g.......#
#..........##........
#.........###........
#.8
#...................


You could see 3 gnolls.

Vanquished Creatures
  A scorpion (D:2)
  A howler monkey (D:3)
  A gnoll bouda (D:4)
  2 adders
  2 gnolls (D:4)
  2 dart slugs
  2 orcs
  8 bats
  4 endoplasms
  3 giant cockroaches (D:2)
  6 hobgoblins
  6 jackals
  5 kobolds
  2 quokkas
  2 ball pythons
  2 frilled lizards
  4 goblins
  3 rats
56 creatures vanquished.

Notes
Turn   | Place    | Note
-------+----------+-------------------------------------------
     0 | D:1      | qw the Gargoyle Hunter began the quest for the Orb.
     0 | D:1      | Reached XP level 1. HP: 12/12 MP: 1/1
     0 | D:1      | 0 ||| qw: Version: 0.3-a-76-g4403597
     0 | D:1      | 0 ||| qw: Game counter: 751
     0 | D:1      | 0 ||| qw: Melee chars always use a shield: true
     0 | D:1      | 0 ||| qw: God list: Okawaru
     0 | D:1      | 0 ||| qw: Allow faded altars: false
     0 | D:1      | 0 ||| qw: Do Orc after clearing Dungeon:15 true
     0 | D:1      | 0 ||| qw: Do second Lair branch before Depths: true
     0 | D:1      | 0 ||| qw: Lair rune preference: random
     0 | D:1      | 0 ||| qw: Goals: Normal
     0 | D:1      | 0 ||| PLANNING D:1-11
    71 | D:1      | Found a faded altar of an unknown god.
    74 | D:1      | Reached XP level 2. HP: 17/17 MP: 2/2
   421 | D:1      | 421 ||| UPGRADING to +0 ring mail.
   431 | D:1      | 431 ||| DROPPING +0 leather armour.
   432 | D:1      | 432 ||| DROPPING ring of magical power.
   433 | D:1      | 433 ||| READING 2 scrolls labelled DOIGYTZ FEDALE.
   434 | D:1      | 434 ||| READING scroll labelled ORULA YDYMELI.
   435 | D:1      | 435 ||| DROPPING scroll of butterflies.
   487 | D:2      | Reached XP level 3. HP: 21/21 MP: 3/3
   491 | D:2      | Found a shimmering blue altar of Sif Muna.
   505 | D:2      | Reached skill level 1 in Armour
   515 | D:2      | Noticed a scorpion
   520 | D:2      | Killed a scorpion
   521 | D:2      | Reached skill level 5 in Ranged Weapons
   521 | D:2      | Reached XP level 4. HP: 21/26 MP: 4/4
   628 | D:2      | 628 ||| FLEEEEING.
   629 | D:2      | 629 ||| FLEEEEING.
   746 | D:2      | Found the Hermit's Pendant {Faith Invo=14 Evo=0 MP+5}
   767 | D:2      | 767 ||| UPGRADING to Hermit's Pendant {Faith Invo=14 Evo=0
                  | MP+5}.
   772 | D:2      | 772 ||| DRINKING 2 fuming black potions.
   773 | D:2      | 773 ||| DRINKING 2 grey potions.
   774 | D:2      | 774 ||| READING 2 scrolls of identify.
   774 | D:2      | 774 ||| IDENTIFYING cyan potion
   775 | D:2      | 775 ||| DROPPING potion of brilliance.
   884 | D:3      | 884 ||| STAIRDANCE
   888 | D:3      | 888 ||| STAIRDANCE
   900 | D:3      | 900 ||| STAIRDANCE
   952 | D:3      | 952 ||| STAIRDANCE
   956 | D:3      | 956 ||| STAIRDANCE
   960 | D:3      | 960 ||| STAIRDANCE
   964 | D:3      | 964 ||| STAIRDANCE
   968 | D:3      | 968 ||| STAIRDANCE
   972 | D:3      | 972 ||| STAIRDANCE
   976 | D:3      | 976 ||| STAIRDANCE
   980 | D:3      | 980 ||| STAIRDANCE
   984 | D:3      | 984 ||| STAIRDANCE
   988 | D:3      | 988 ||| STAIRDANCE
   992 | D:3      | 992 ||| STAIRDANCE
   996 | D:3      | 996 ||| STAIRDANCE
  1000 | D:3      | 1000 ||| STAIRDANCE
  1004 | D:3      | 1004 ||| STAIRDANCE
  1008 | D:3      | 1008 ||| STAIRDANCE
  1012 | D:3      | 1012 ||| STAIRDANCE
  1016 | D:3      | 1016 ||| STAIRDANCE
  1100 | D:2      | 1100 ||| READING scroll labelled HAH URUETIXT.
  1382 | D:3      | Reached skill level 3 in Fighting
  1492 | D:3      | 1492 ||| READING 2 scrolls labelled UDI XAWNELLARO.
  1493 | D:3      | 1493 ||| READING scroll labelled VIETHR IJORU.
  1494 | D:3      | 1494 ||| DRINKING 2 murky amethyst potions.
  1522 | D:3      | 1522 ||| READING 2 scrolls of identify.
  1522 | D:3      | 1522 ||| IDENTIFYING black potion
  1523 | D:3      | 1523 ||| DROPPING potion of lignification.
  1524 | D:3      | 1524 ||| DROPPING scroll of noise.
  1550 | D:4      | 1550 ||| STAIRDANCE
  1554 | D:3      | Reached skill level 6 in Ranged Weapons
  1554 | D:3      | Reached XP level 5. HP: 27/32 MP: 14/14
  1576 | D:4      | 1576 ||| STAIRDANCE
  1601 | D:4      | 1601 ||| STAIRDANCE
  1635 | D:4      | 1635 ||| STAIRDANCE
  1640 | D:4      | 1640 ||| STAIRDANCE
  1670 | D:4      | Found a radiant altar of Vehumet.
  1671 | D:4      | Noticed a charred statue
  1673 | D:4      | 1673 ||| FLEEEEING.
  1680 | D:4      | 1680 ||| STAIRDANCE
  1782 | D:4      | 1782 ||| Stepping ~*~*~tactically~*~*~ (retreating).
  1783 | D:4      | 1783 ||| Stepping ~*~*~tactically~*~*~ (retreating).
  1784 | D:4      | 1784 ||| Stepping ~*~*~tactically~*~*~ (retreating).
  1784 | D:4      | HP: 8/32 [gnoll/+0 club[a gnoll bouda] (4)]
  1785 | D:4      | 1785 ||| DRINKING potion of heal wounds.
  1786 | D:4      | 1786 ||| Stepping ~*~*~tactically~*~*~ (retreating).
  1787 | D:4      | 1787 ||| Stepping ~*~*~tactically~*~*~ (retreating).
  1794 | D:4      | HP: 6/32 [gnoll bouda/+0 club (3)]
  1798 | D:4      | Reached XP level 6. HP: 5/38 MP: 16/16
  1798 | D:4      | HP: 1/38 [gnoll/+0 flail[a gnoll bouda] (4)]
  1798 | D:4      | Slain by a gnoll

Levels and vault maps discovered:
D:1:      enne_arrival_octagon_isle, layout_rooms,
          hellmonk_ecumenical_altar_pennies_from_heaven,
          nicolae_kite_square_tiling_tiny
D:2:      layout_basic, basic_altar, st_stairs_8
D:3:      layout_rooms, hangedman_decor_opposing, minivault_11
D:4:      layout_cave_pools, vehumet_statue, minmay_temple_entry_sparse_star,
          gammafunk_ghost_necromancy, chequers_serial_rivers_small_3,
          uniq_grinder

Skill      XL: |  1  2  3  4  5 |
---------------+----------------+-----
Armour         | 1 |  1.0
Ranged Weapons | 5 6 |  6.0
Fighting       | 3 4 |  4.1
Dodging        | |  1.5
Stealth        | |  1.1

Action                     |  1- 3 |  4- 6 || total
---------------------------+-------+-------++-------
   Fire: Shortbow          |    77 |    97 ||   174
    Use: Scroll            |     2 |     5 ||     7
         Potion            |       |     4 ||     4
 Armour: Leather armour    |     4 |       ||     4
         Ring mail         |     8 |    71 ||    79
  Dodge: Dodged            |    16 |    34 ||    50

Table legend:
 A = Non-vault XP
 B = Vault XP
 C = Vault XP percentage of total XP
 D = Non-vault monster count
 E = Vault monster count
 F = Vault count percentage of total count
                 A         B        C        D         E       F
            +---------+---------+-------+---------+---------+-------
      Total |     318 |       4 |   1.2 |      55 |       1 |   1.8
            +---------+---------+-------+---------+---------+-------
        D:1 |      29 |       0 |   0.0 |      18 |       0 |   0.0
        D:2 |     117 |       4 |   3.3 |      15 |       1 |   6.2
        D:3 |      88 |       0 |   0.0 |      12 |       0 |   0.0
        D:4 |      84 |       0 |   0.0 |      10 |       0 |   0.0
            +---------+---------+-------+---------+---------+-------
